[Event "OEISM 0818 BLMM"]
[Site "austriablmm"]
[Date "2020.12.12"]
[Round "1"]
[White "UrosN"]
[Black "Beckenbauer23"]
[Result "0-1"]
[WhiteElo "1883"]
[BlackElo "2081"]
[Annotator "NA RC"]
[PlyCount "48"]
[EventDate "2020.12.12"]
[EventType "blitz"]
[TimeControl "600+3"]

1. d4 Nf6 2. c4 a6 3. Nc3 c5 4. d5 b5 5. cxb5 axb5 6. Nxb5 Bb7 7. e4 Nxe4 8. d6 Qa5+ 9. Bd2 Nxd2 10. Qxd2 exd6 11. b4 cxb4 12. Bc4 Bxg2 13. Nf3 Bxh1 14. Kf1 Be7 15. Re1 O-O 16. Ng5 Bxg5 17. Qxg5 d5 18. Bd3 Be4 19. Qe3 Bxd3+ 20. Qxd3 Nc6 21. Nd6 Qa6 22. Qxa6 Rxa6 23. Nf5 Rxa2 24. Rd1 d4 {[%emt 0:00:01] TimeW} 0-1

[Event "OEISM 0818 BLMM"]
[Site "austriablmm"]
[Date "2020.12.12"]
[Round "2"]
[White "Kriasi"]
[Black "Daniel05"]
[Result "1/2-1/2"]
[WhiteElo "1778"]
[BlackElo "1850"]
[Annotator "NA RC"]
[PlyCount "171"]
[EventDate "2020.12.12"]
[EventType "blitz"]
[TimeControl "600+3"]

1. e4 e6 2. d4 d5 3. Nc3 Nf6 4. e5 Nfd7 5. Nce2 c5 6. c3 Nc6 7. Nf3 Qb6 8. a3 f6 9. Nf4 {[%emt 0:00:43] Kriasi reconnected. Kriasi reconnected.} fxe5 10. Nxe6 e4 11. Nxf8 Rxf8 12. Ng5 Nf6 13. dxc5 Qxc5 14. Be3 Qe7 15. Be2 h6 16. Nh3 Bxh3 17. gxh3 O-O-O 18. Qc2 Kb8 19. O-O-O Ka8 20. Kb1 Qe6 21. Bc5 Rfe8 22. Rhg1 g5 23. h4 g4 24. Be3 h5 25. Qa4 Nd7 26. h3 Nde5 27. hxg4 hxg4 28. b4 Nf3 29. Bxf3 gxf3 30. b5 d4 31. Bg5 Ne7 32. cxd4 Qd5 33. Be3 Nc8 34. Rg5 Nb6 35. Rxd5 Nxa4 36. Rxd8+ Rxd8 37. Kc2 Rc8+ 38. Kb3 Nb6 39. Rc1 Rh8 40. Bg5 Nd5 41. Re1 Re8 42. h5 Kb8 43. h6 Kc8 44. Bh4 Kd7 45. Bg3 Rh8 46. Rxe4 Rxh6 47. Re5 Nb6 48. Rf5 Re6 {[%emt 0:00:06] '} 49. Rxf3 Re7 50. Bh4 Rh7 51. Bg5 Rg7 52. Be3 Nd5 53. Rf5 Ke6 54. Re5+ Kd6 55. Bd2 Rf7 56. Be3 a6 57. a4 axb5 58. axb5 Rf3 59. Kc4 Nb6+ 60. Kd3 Rf7 61. Rh5 Nd5 62. Rh6+ Kd7 63. Kc4 Nf6 64. f3 Kc7 65. Bg5 Ne8 66. Rh3 Nd6+ 67. Kb4 Nxb5 68. Be3 Nd6 69. f4 Kc6 70. Rh6 Kd5 71. Rh5+ Nf5 72. Bf2 Ke4 73. Kc5 Rc7+ 74. Kb6 Rc2 75. Bg1 Rg2 76. Bh2 Rb2+ 77. Kc7 Nxd4 78. f5 Nxf5 79. Bd6 Nxd6 80. Kxd6 Kd4 81. Rh4+ Kc3 82. Kc5 Kb3 83. Rb4+ Ka3 84. Rxb2 Kxb2 85. Kb6 Kb3 86. Kxb7 {[%emt 0:00:00] No Material} 1/2-1/2

[Event "OEISM 0818 BLMM"]
[Site "austriablmm"]
[Date "2020.12.12"]
[Round "2"]
[White "Viktor09"]
[Black "Weirdo1"]
[Result "1/2-1/2"]
[WhiteElo "1682"]
[BlackElo "1828"]
[Annotator "NA RC"]
[PlyCount "113"]
[EventDate "2020.12.12"]
[EventType "blitz"]
[TimeControl "600+3"]

1. e4 e5 2. Nf3 Nc6 3. Bc4 Bc5 4. d3 Nf6 5. O-O d6 6. a3 O-O 7. Nbd2 Bg4 8. h3 Bh5 9. Re1 Nd4 10. c3 Ne6 11. Nf1 Bb6 12. Ng3 Bxf3 13. Qxf3 c6 14. Nf5 d5 15. exd5 cxd5 16. Bb3 e4 17. dxe4 dxe4 18. Qe2 Nc5 19. Nd4 Nd3 20. Rd1 Bxd4 21. cxd4 Qxd4 22. Be3 Qxb2 23. Qxb2 Nxb2 24. Rd4 Rfd8 25. f3 exf3 26. gxf3 a6 27. Kf2 Nd3+ 28. Kg3 Rxd4 29. Bxd4 Rd8 30. Bxf6 gxf6 31. Rd1 Rd7 32. Bc4 Ne5 33. Rxd7 Nxd7 34. Bd5 b6 35. Kf4 Kf8 36. Kf5 Ke7 37. Bc6 Ne5 38. Bb7 a5 39. a4 Nd7 40. Bc6 Nc5 41. Bb5 Nb3 42. Bc4 Nd4+ 43. Ke4 Nc2 44. Bb5 Na3 45. Bd3 {[%emt 0:00:04] Viktor09 offers a draw} Kd6 46. Be2 Nc2 47. Bd1 Nb4 48. Kf5 Nd5 49. Bb3 Kc5 50. f4 Kd6 51. h4 Kc5 52. h5 h6 53. Ke4 Nc3+ 54. Kd3 Nd5 55. Ke4 Nc3+ 56. Kd3 Nd5 57. Ke4 {[%emt 0:00:01] Threefold Rep} 1/2-1/2

[Event "OEISM 0818 BLMM"]
[Site "austriablmm"]
[Date "2020.12.12"]
[Round "4"]
[White "matschi2006"]
[Black "Daniel05"]
[Result "1/2-1/2"]
[WhiteElo "1731"]
[BlackElo "1857"]
[Annotator "NA RC"]
[PlyCount "55"]
[EventDate "2020.12.12"]
[EventType "blitz"]
[TimeControl "600+3"]

1. d4 Nf6 2. Bg5 e6 3. e4 h6 4. Bxf6 Qxf6 5. Nf3 {[%emt 0:00:01] matschi2006 offers a draw} d6 6. c3 g6 7. Bd3 Qe7 8. Nbd2 Bg7 9. O-O O-O 10. Re1 e5 11. Nf1 Bg4 12. h3 Bxf3 13. Qxf3 exd4 14. cxd4 Bxd4 15. Ne3 c6 16. Qg3 Bg7 17. Nc4 Be5 18. f4 Bd4+ 19. Kh1 b5 20. Ne3 Bxe3 21. Qxe3 Nd7 22. e5 dxe5 23. fxe5 Kg7 24. e6 Qxe6 25. Qxe6 fxe6 26. Rxe6 Rf6 27. Re7+ Rf7 28. Re6 {[%emt 0:00:01] matschi2006 offers a draw} 1/2-1/2

[Event "OEISM 0818 BLMM"]
[Site "austriablmm"]
[Date "2020.12.12"]
[Round "5"]
[White "Daniel05"]
[Black "Johnny Johnson"]
[Result "1-0"]
[WhiteElo "1852"]
[BlackElo "1771"]
[Annotator "NA RC"]
[PlyCount "117"]
[EventDate "2020.12.12"]
[EventType "blitz"]
[TimeControl "600+3"]

1. d4 d5 2. c4 e6 3. Nc3 c6 4. Nf3 dxc4 5. a4 Bb4 6. e3 b5 7. Bd2 a5 8. axb5 Bxc3 9. Bxc3 cxb5 10. b3 Bb7 11. bxc4 b4 12. Bb2 Nf6 13. c5 O-O 14. Bb5 Bc6 15. Ba4 Bxa4 16. Qxa4 Qd7 17. Ne5 Qxa4 18. Rxa4 Nbd7 19. Nc4 Ra7 20. Ke2 Rfa8 21. Rha1 Kf8 22. Rxa5 Rxa5 23. Rxa5 Rxa5 24. Nxa5 Nd5 25. g3 Ke7 26. Kd3 f5 27. Nc6+ Ke8 28. Kc4 N7f6 29. Nxb4 Nxb4 30. Kxb4 Ng4 31. Kb5 Kd7 32. c6+ Kc7 33. Bc3 Nxf2 34. Ba5+ Kc8 35. Kc5 Ne4+ 36. Kc4 Nd6+ 37. Kc5 Ne4+ 38. Kc4 Nd6+ 39. Kd3 h5 40. Bb6 g5 41. d5 exd5 42. Kd4 Nc4 43. Bc5 Nxe3 44. Kxe3 Kc7 45. Be7 g4 46. Bg5 Kxc6 47. Kd4 Kd6 48. Bf4+ Ke6 49. Bb8 h4 50. Bf4 hxg3 51. hxg3 Kf6 52. Kxd5 Kf7 53. Ke5 Kg6 54. Ke6 Kh5 55. Bc7 Kg5 56. Bd8+ Kg6 57. Ke5 f4 58. Kxf4 Kh5 59. Bg5 {[%emt 0:00:01] Johnny Johnson resigns (Lag: Av=0.39s, max=2.7s)} 1-0

[Event "OEISM 0818 BLMM"]
[Site "austriablmm"]
[Date "2020.12.12"]
[Round "6"]
[White "DoHoChess"]
[Black "Beckenbauer23"]
[Result "1/2-1/2"]
[WhiteElo "2240"]
[BlackElo "2080"]
[Annotator "NA"]
[PlyCount "59"]
[EventDate "2020.12.12"]
[EventType "blitz"]
[TimeControl "600+3"]

1. Nf3 c5 2. b3 d6 3. Bb2 e5 4. c4 Nc6 5. d3 g6 6. g3 Bg7 7. Bg2 Nge7 8. O-O O-O 9. Nc3 h6 10. Nd2 Be6 11. a3 Qd7 12. Nd5 Bh3 13. Bxh3 Qxh3 14. b4 b6 15. Ne4 Rad8 16. Qa4 f5 17. Nd2 Nxd5 18. cxd5 Ne7 19. e4 f4 20. Qd1 g5 21. Qf3 fxg3 22. Qxg3 Qd7 23. Nc4 Ng6 24. Bc1 Rf7 25. Ra2 Rdf8 26. f3 Nh4 27. Raf2 Qd8 28. Kh1 Qf6 29. Ne3 Qe7 30. b5 {[%emt 0:00:21] DoHoChess bietet Remis (Lag: Av=0.28s, max=0.6s)} 1/2-1/2

[Event "OEISM 0818 BLMM"]
[Site "austriablmm"]
[Date "2020.12.12"]
[Round "6"]
[White "EdiRaber"]
[Black "Ppe1968"]
[Result "0-1"]
[WhiteElo "1741"]
[BlackElo "1922"]
[Annotator "NA"]
[PlyCount "114"]
[EventDate "2020.12.12"]
[EventType "blitz"]
[TimeControl "600+3"]

1. e4 e5 2. Nf3 Nc6 3. Bc4 Bc5 4. O-O d6 5. Nc3 Nf6 6. d3 h6 7. Be3 Bg4 8. Bxc5 dxc5 9. Bb5 Qd6 10. Bxc6+ Qxc6 11. h3 Bxf3 12. Qxf3 O-O 13. Rad1 Rad8 14. Qf5 Rfe8 15. Rfe1 g6 16. Qf3 Kg7 17. Ne2 c4 18. dxc4 Qxc4 19. Nc3 Qb4 20. b3 Rd4 21. Rxd4 exd4 22. Rd1 Qxc3 23. Rd3 Qe1+ 24. Kh2 Qxe4 25. Qg3 Qe5 26. Qxe5 Rxe5 27. Rxd4 Re2 28. Rc4 c6 29. Rb4 Rxc2 30. Rxb7 Rxa2 31. Rc7 Rb2 32. Rxa7 Rxb3 33. Rc7 Rc3 34. f3 c5 35. Kg3 c4 36. Kf2 Rc2+ 37. Kf1 c3 38. g4 Rc1+ 39. Ke2 Nd5 40. Rc5 Nf4+ 41. Ke3 Nxh3 42. Kd4 Ng1 43. f4 Nf3+ 44. Kd3 c2 45. Rxc2 Ne1+ 46. Kd2 Rxc2+ 47. Kxe1 Kf6 48. g5+ hxg5 49. fxg5+ Ke5 50. Kd1 Rh2 51. Ke1 Ke4 52. Kf1 Ke3 53. Kg1 Ra2 54. Kf1 Rb2 55. Kg1 Kf3 56. Kh1 Kg3 57. Kg1 Rb1# {[%emt 0:00:00] Mate} 0-1

[Event "OEISM 0818 BLMM"]
[Site "austriablmm"]
[Date "2020.12.12"]
[Round "7"]
[White "Blumenlaus"]
[Black "Daniel05"]
[Result "1-0"]
[WhiteElo "1817"]
[BlackElo "1865"]
[Annotator "NA"]
[PlyCount "101"]
[EventDate "2020.12.12"]
[EventType "blitz"]
[TimeControl "600+3"]

1. d4 Nf6 2. c4 e6 3. Nf3 c5 4. g3 cxd4 5. Nxd4 Nc6 6. Bg2 Qb6 7. Nxc6 bxc6 8. O-O Be7 9. Nc3 O-O 10. e4 d6 11. b3 e5 12. Ba3 Bg4 13. Qc2 Rfd8 14. h3 Be6 15. Rfd1 Bf8 16. c5 Qa5 17. Na4 d5 18. exd5 Nxd5 19. Bb2 f6 20. a3 Qc7 21. b4 Rab8 22. Nc3 a5 23. Nxd5 cxd5 24. Bc3 Kh8 {[%emt 0:00:59] Daniel05 bietet Remis} 25. Be1 d4 26. Rac1 Bd5 27. Bxd5 Rxd5 28. Qc4 Qc6 29. h4 Rdd8 30. bxa5 Rb5 31. Bb4 Rdb8 32. Rd2 g6 33. Rb2 Rxa5 34. Bxa5 Rxb2 35. Qf7 Bh6 36. Rf1 Qxc5 37. Qxf6+ Bg7 38. Qd8+ Qf8 39. Qd5 Re2 40. Bb4 Qe8 41. a4 h6 42. a5 Rb2 43. Bc5 Rb5 44. Ra1 Qc8 45. a6 Rxc5 46. Qxc5 Qxc5 47. a7 Qc6 48. a8=Q+ Qxa8 49. Rxa8+ Kh7 {[%emt 0:00:00] Daniel05 bietet Remis} 50. Kf1 h5 51. Ke2 {[%emt 0:00:02] Zeit '} 1-0